 Dungeon Crawl Stone Soup version 0.31.0-11-ge490571c62 (webtiles) character file.

Game seed: 4419983579364700240

3383 Idontno the Covert (level 10, -1/61 HPs)
             Began as an Octopode Brigand on Feb 6, 2024.
             Was an Initiate of Gozag.
             Constricted to death by Maurice (4 damage)
             ... on level 8 of the Dungeon on Feb 7, 2024.
             The game lasted 01:41:25 (8074 turns).

Idontno the Covert (Octopode Brigand)               Turns: 8074, Time: 01:41:26

Health: -1/61      AC:  3    Str:  9    XL:     10   Next: 4%
Magic:  4/14       EV: 14    Int: 13    God:    Gozag
Gold:   1082       SH:  5    Dex: 18    Spells: 14/14 levels left

rFire   . . .        x - +4 dagger (venom)
rCold   . . .        (no shield)
rNeg    . . .        (helmet restricted)
rPois   .            p - amulet of reflection
rElec   .            j - ring of see invisible
rCorr   .            L - ring of willpower
SInv    +            (no ring)
Will    +....        (no ring)
Stlth   +++++        (no ring)
HPRegen 0.30/turn    (no ring)
MPRegen 0.14/turn    (no ring)
                     (no ring)

%: reflection
@: grasped by roots, constricted
A: almost no armour, amphibious, 8 rings, camouflage 1, gelatinous body 1,
(nimble swimmer 1), tentacles, iridescent scales 1, frail 1, weak 1
a: Renounce Religion, Potion Petition, Call Merchant, Bribe Branch


You were on level 8 of the Dungeon.
You worshipped Gozag.
Gozag was most pleased with you.
You visited 1 branch of the dungeon, and saw 8 of its levels.

You collected 1082 gold pieces.

Inventory:

Hand Weapons
 a - a +2 dagger
 x - a +4 dagger of venom (weapon)
 H - a +2 dagger of flaming
 M - a +2 falchion of freezing
Missiles
 b - 31 poisoned darts (quivered)
 c - 3 curare-tipped darts
 I - 3 silver javelins
 N - 12 boomerangs
Magical Staves
 r - a staff of air
Jewellery
 j - a ring of see invisible (left tentacle)
 p - an amulet of reflection (around mantle)
 q - an amulet of the acrobat
 y - a ring of magical power
 L - a ring of willpower (right tentacle)
Talismans
 d - a flux talisman
Wands
 z - a wand of roots (26)
Scrolls
 f - 2 scrolls of poison {unknown}
 g - a scroll of vulnerability {unknown}
 k - a scroll of torment {unknown}
 l - 2 scrolls of immolation {unknown}
 m - 2 scrolls of fear
 n - a scroll of identify
 t - a scroll of blinking
 v - a scroll of enchant armour {unknown}
 B - a scroll of fog {unknown}
 C - 2 scrolls of amnesia {unknown}
 D - a scroll of teleportation {unknown}
 J - a scroll of acquirement {unknown}
 K - 2 scrolls of noise {unknown}
Potions
 e - a potion of resistance {unknown}
 h - 2 potions of cancellation
 i - a potion of heal wounds {unknown}
 o - 4 potions of mutation
 s - a potion of degeneration {unknown}
 u - 2 potions of enlightenment
 w - 2 potions of curing {unknown}
 A - 2 potions of berserk rage {unknown}
 E - a potion of magic {unknown}
 F - 2 potions of lignification
 G - a potion of brilliance {unknown}


   Skills:
 + Level 6.1 Fighting
 + Level 6.0(6.4) Short Blades
 + Level 3.1(5.0) Long Blades
 + Level 5.0 Throwing
 + Level 6.9 Dodging
 + Level 8.5 Stealth
 + Level 3.0 Unarmed Combat
 + Level 2.7 Spellcasting


You had 14 spell levels left.
You didn't know any spells.
Your spell library contained the following spells:

 Spells                   Type           Power      Damage    Failure   Level
 Ensorcelled Hibernation  Hex/Ice        2%         N/A       34%         2
 Jinxbite                 Hex            2%         N/A       34%         2
 Fugue of the Fallen      Necr           1%         N/A       56%         3
 Ozocubu's Armour         Ice            1%         N/A       56%         3
 Summon Ice Beast         Ice/Summ       1%         N/A       56%         3
 Anguish                  Hex/Necr       0%         N/A       93%         4
 Metabolic Englaciation   Hex/Ice        0%         N/A       100%        5
 Summon Mana Viper        Hex/Summ       1%         N/A       100%        5
 Yara's Violent Unravell  Hex/Alch       0%         3d3       100%        5
 Sculpt Simulacrum        Ice/Alch       0%         N/A       100%        6
 Enfeeble                 Hex            0%         N/A       100%        7
 Monstrous Menagerie      Summ           0%         N/A       100%        7


Dungeon Overview and Level Annotations

Branches:
Dungeon (8/15)             Temple (0/1) D:6
   Lair: D:8-11

Altars:
Ashenzari
Cheibriados
Gozag
Hepliaklqana
Ru
Sif Muna
Trog
Vehumet
Xom
Yredelemnul
Zin

Shops:
D:3 *

Annotations:
D:8 Maurice


Innate Abilities, Weirdness & Mutations

You cannot wear most types of armour.
You are amphibious.
You can wear up to eight rings at the same time.
Your skin changes colour to match your surroundings (Stealth+).
Your rubbery body absorbs attacks. (AC +1, EV +1)
((You are camouflaged when in or above water. (Stealth+)))
You have tentacles for arms and can constrict up to eight enemies at once.
You are partially covered in iridescent scales. (AC +2)
You are frail. (-10% HP)
You are weak. (Str -2)


Message History

You hit Maurice but do no damage.
Maurice looks as sick as possible!
You squeeze Maurice, but do no damage.
Maurice is moderately wounded.
You constrict Maurice.
Maurice zaps a wand.
The roots erupt in riotous growth!
The grasping roots grab you!
Maurice is unaffected.
The grasping roots constrict you.
You hit Maurice.
Maurice looks as sick as possible!
You squeeze Maurice.
Maurice is heavily wounded.
You constrict Maurice. Maurice hits you with a +0 short sword.
* * * LOW HITPOINT WARNING * * *
Maurice steals 3 of your 6 silver javelins!
You block Maurice's attack. The grasping roots constrict you.
* * * LOW HITPOINT WARNING * * *
You hit Maurice.
Maurice looks as sick as possible!
Maurice is heavily wounded.
You constrict Maurice. You completely miss Maurice.
Maurice is heavily wounded.
You constrict Maurice.
Maurice casts a spell.
Maurice blinks free!
The grasping roots constrict you.
* * * LOW HITPOINT WARNING * * *
Aiming: Fastroot
Press: ? - help, Q - select action, (/) - cycle Shift-Dir - straight line, f/p - Maurice
Aim: Maurice, wielding a +0 short sword, wearing a +1 cloak, quivering silver javelins and carrying a wand of roots (severely wounded, extremely poisoned)
The roots erupt in riotous growth!
Roots grab Maurice.
The grasping roots constrict Maurice.
Maurice struggles to escape constriction.
The grasping roots constrict you!
* * * LOW HITPOINT WARNING * * *
The grasping roots release their grip on you.
The grasping roots constrict Maurice.
The roots release their grip on Maurice.
Maurice throws a silver javelin.
The silver javelin misses you.
Maurice zaps a wand.
The roots erupt in riotous growth!
The grasping roots grab you! The grasping roots constrict you.
You die...
Your body crumbles into a pile of gold.

#.##'### ......##. .....
#......# #..............
#......###..............
#.......................
#............##.........
#......###...#.........<
#..>...# ##.........##..
#......####..[...[# ###
##......@........... #
........####.......#
........# ######### #
...f....# # ........#
... ......... ###
...>....# ........#
........#


You could see Maurice (extremely poisoned).

Vanquished Creatures
  Joseph (D:7)
  A kobold demonologist (D:8)
  Sigmund (D:6)
  3 yaks (D:8)
  A steam dragon (D:7)
  Menkaure (D:6)
  A water moccasin (D:5)
  3 orc warriors (D:7)
  A black bear (D:6)
  A centaur (D:7)
  An ogre (D:5)
  2 bullfrogs
  A kobold brigand (D:7)
  3 scorpions
  4 howler monkeys
  2 bombardier beetles
  2 hounds
  A gnoll bouda (D:6)
  A jelly (D:6)
  4 orc priests
  2 sleepcaps
  3 iguanas
  7 orc wizards
  6 adders
  A white imp (D:7)
  5 dart slugs
  A ribbon worm (D:3)
  29 orcs
  5 ball pythons
  6 endoplasms
  2 giant cockroaches (D:2)
  3 goblins
  3 hobgoblins
  4 jackals (D:5)
  11 kobolds
  2 quokkas
  5 bats
  3 frilled lizards
  6 rats
139 creatures vanquished.

Notes
Turn   | Place    | Note
-------+----------+-------------------------------------------
     0 | D:1      | Idontno the Octopode Brigand began the quest for the Orb.
     0 | D:1      | Reached XP level 1. HP: 14/14 MP: 1/1
   172 | D:1      | Reached XP level 2. HP: 12/19 MP: 2/2
   597 | D:2      | Found a faded altar of an unknown god.
   695 | D:2      | Reached XP level 3. HP: 24/24 MP: 3/3
  1188 | D:2      | Prayed at the altar of an unknown god.
  1188 | D:2      | Became a worshipper of Gozag Ym Sagoz the Greedy
  1711 | D:3      | Reached XP level 4. HP: 30/30 MP: 4/4
  1738 | D:3      | Gained mutation: You are weak. (Str -2) [potion of
                  | mutation]
  1738 | D:3      | Gained mutation: You are partially covered in iridescent
                  | scales. (AC +2) [potion of mutation]
  1738 | D:3      | Gained mutation: You are frail. (-10% HP) [potion of
                  | mutation]
  1854 | D:3      | Found Ruohyin's Assorted Antiques.
  2142 | D:3      | Reached skill level 6 in Stealth
  2290 | D:3      | Reached XP level 5. HP: 32/32 MP: 5/5
  2573 | D:4      | Found a broken altar of Ashenzari.
  2573 | D:4      | Found a shimmering blue altar of Sif Muna.
  2844 | D:4      | Reached XP level 6. HP: 33/37 MP: 6/6
  3262 | D:5      | Entered Level 5 of the Dungeon
  3419 | D:5      | Noticed a water moccasin
  3429 | D:5      | Reached XP level 7. HP: 12/42 MP: 7/7
  3432 | D:5      | Reached skill level 7 in Stealth
  3435 | D:5      | HP: 2/43 [poisoned by a water moccasin]
  3641 | D:5      | Found a basalt altar of Yredelemnul.
  3642 | D:5      | Found a snail-covered altar of Cheibriados.
  3644 | D:5      | Found a glowing silver altar of Zin.
  3644 | D:5      | Found a bloodstained altar of Trog.
  4439 | D:6      | Reached XP level 8. HP: 29/48 MP: 8/8
  4653 | D:6      | Reached skill level 5 in Fighting
  4736 | D:6      | Found a sacrificial altar of Ru.
  4738 | D:6      | Found a shimmering altar of Xom.
  4744 | D:6      | Found a hazy altar of Hepliaklqana.
  4828 | D:6      | Reached skill level 5 in Short Blades
  5071 | D:6      | Found a staircase to the Ecumenical Temple.
  5347 | D:6      | Noticed Sigmund
  5349 | D:6      | Reached skill level 5 in Dodging
  5359 | D:6      | Killed Sigmund
  5398 | D:6      | Noticed Menkaure
  5405 | D:6      | Killed Menkaure
  5833 | D:7      | Reached skill level 1 in Long Blades
  5833 | D:7      | Reached skill level 1 in Unarmed Combat
  5833 | D:7      | Reached skill level 1 in Spellcasting
  6169 | D:7      | Reached XP level 9. HP: 27/54 MP: 10/10
  6312 | D:7      | Noticed Joseph
  6331 | D:7      | Killed Joseph
  7598 | D:8      | Noticed a kobold demonologist
  7608 | D:8      | Reached skill level 8 in Stealth
  7614 | D:8      | Killed a kobold demonologist
  7652 | D:8      | Reached skill level 5 in Throwing
  7671 | D:8      | Reached XP level 10. HP: 33/61 MP: 12/14
  7973 | D:8      | Found a radiant altar of Vehumet.
  8053 | D:8      | Noticed Maurice
  8069 | D:8      | Maurice stole 6 silver javelins
  8072 | D:8      | HP: 2/61 [constriction (10)]
  8074 | D:8      | Constricted to death by Maurice

Illustrated notes

Levels and vault maps discovered:
D:1:      denvon_arrival_planthouse, layout_basic, serial_bayou_pond_a
D:2:      layout_loops_corners, shapermc_ecumenical_altar_venn,
          kennysheep_generic_room_11
D:3:      layout_loops_corners, serial_shops, shop
D:4:      layout_basic, gammafunk_temple_overflow_pools
D:5:      layout_basic, chequers_temple_overflow_statue_of_worship,
          serial_rivers, chequers_serial_rivers_micro_a,
          chequers_serial_rivers_micro_b, chequers_serial_rivers_micro_d,
          chequers_serial_rivers_marsh, chequers_serial_rivers_small_b
D:6:      layout_basic, minmay_overflow_temple_star_quad,
          minmay_temple_entry_nine_rooms, minmay_circle_x, uniq_sigmund,
          uniq_menkaure
D:7:      layout_loops_corners, uniq_joseph
D:8:      layout_rooms, nicolae_vehumet_altar_sigil, minmay_unpleasant_kobolds,
          uniq_maurice

Skill      XL: |  1  2  3  4  5  6  7  8  9 10 |
---------------+-------------------------------+-----
Dodging        | 2 3 4 6 |  6.9
Stealth        | 6 7 8 |  8.5
Fighting       | 3 4 5 6 |  6.1
Throwing       | 3 4 5 |  5.0
Short Blades   | 3 4 5 6 |  6.0
Long Blades    | 1 3 |  3.1
Unarmed Combat | 1 2 3 |  3.0
Spellcasting   | 1 2 |  2.7

Action                     |  1- 3 |  4- 6 |  7- 9 | 10-12 || total
---------------------------+-------+-------+-------+-------++-------
  Melee: Dagger            |    62 |    88 |   160 |    34 ||   344
         Constrict         |    14 |    19 |    39 |     8 ||    80
         Tentacles         |    12 |    18 |    62 |    12 ||   104
         Punch             |       |     4 |     1 |     1 ||     6
  Throw: Dart              |     8 |    10 |    32 |     8 ||    58
  Evoke: Wand              |       |     1 |       |     2 ||     3
    Use: Scroll            |       |     3 |     7 |       ||    10
         Potion            |       |     1 |       |       ||     1
   Stab: Sleeping          |    15 |     9 |     9 |     2 ||    35
         Distracted        |       |     1 |     2 |       ||     3
 Armour: Skin              |    10 |    25 |    44 |     9 ||    88
  Dodge: Dodged            |    14 |    31 |    65 |    14 ||   124
  Block: Other             |     5 |    15 |    19 |     3 ||    42
         Reflection        |       |       |     3 |       ||     3
